 Dungeon Crawl Stone Soup version 0.31-a0-188-g5e087ee2ca (webtiles) character file.

Game seed: 15493565537816755647

54 qw the Shooter (level 3, -10/18 (20) HPs)
             Began as a Deep Elf Hunter on June 23, 2023.
             Mangled by a wight
             ... wielding a +4 trident
              (14 damage)
             ... on level 5 of the Dungeon.
             The game lasted 00:00:26 (1686 turns).

qw the Shooter (Deep Elf Hunter)                    Turns: 1686, Time: 00:00:27

HP:   -10/18 (20)   AC:  6    Str: 10    XL:     3   Next: 66%
MP:   5/5           EV: 11    Int: 13    God:
Gold: 91            SH:  0    Dex: 18    Spells: 2/2 levels left

rFire   . . .        Y - +0 shortbow (drain)
rCold   . . .        (shield currently unavailable)
rNeg    . . .        h - +0 ring mail
rPois   .            c - +0 helmet
rElec   .            (no cloak)
rCorr   .            (no gloves)
SInv    .            (no boots)
Will    .....        (no amulet)
Stlth   +            (no ring)
HPRegen 0.23/turn    (no ring)
MPRegen 0.09/turn

%: no passive effects
@: heavily drained
A: no striking features
a: no special abilities


You were on level 5 of the Dungeon.
You visited 1 branch of the dungeon, and saw 5 of its levels.

You collected 91 gold pieces.


   Skills:
 - Level 1.5 Fighting
 + Level 7.2 Ranged Weapons
 - Level 2.4 Dodging
 - Level 1.2 Stealth


You had 2 spell levels left.
You didn't know any spells.
Your spell library was empty.

Inventory:

Hand Weapons
 Y - a +0 shortbow of draining (weapon)
Armour
 c - a +0 helmet (worn)
 h - a +0 ring mail (worn)
Scrolls
 b - a scroll of identify
Potions
 a - a potion of curing {unknown}
 d - a potion of haste {unknown}
 e - a potion of lignification {unknown}
 f - a potion of magic {unknown}
 j - a potion of degeneration {unknown}

Dungeon Overview and Level Annotations

Branches:
Dungeon (6/15)
 Temple: D:4-7

Altars:


Message History

Waypoint 3 assigned to D:6.
You see here 4 poisoned darts.
You open the door.
Found 3 stones.
There is an open door here.
c - a +0 helmet
d - a sapphire potion You open the door.
There is an open door here.
You now have 91 gold pieces (gained 8).
Found a stone staircase leading up.
1673 ||| UPGRADING to +0 helmet.
You start putting on your armour.
You continue putting on your +0 helmet. x4
You finish putting on your +0 helmet.
(D) Dungeon
Where to? (* - list waypoints, Enter - D:3, ? - help)
What level of the Dungeon? (default 1, ? - help)
There is a stone staircase leading up here.
You climb upwards.
Found 7 gold pieces and a flail.
There is a stone staircase leading down here.
There are monsters nearby!
Waypoint 4 assigned to D:5.
You shoot an arrow.
The arrow hits the wight but does no damage.
You shoot an arrow. The arrow barely misses the wight.
The wight hits you from afar with a +4 trident!
You feel drained.
You shoot an arrow. The arrow barely misses the wight.
The wight barely misses you.
The wight hits you from afar with a +4 trident.
You shoot an arrow.
The arrow hits the wight but does no damage.
The wight closely misses you.
The wight hits you from afar with a +4 trident.
The wight hits you but does no damage.
You shoot an arrow. The arrow barely misses the wight.
The wight closely misses you.
The wight hits you from afar with a +4 trident!
Ouch! That really hurt!
You die...

....##........
.#.............
...............
...............
...............
.......z.......
.......zz......
..$....@z......
.......o....##.
...............
........#......
..)...#####.##.
...... .#
#..... # ..#..#


You could see 4 wights and an orc.

Vanquished Creatures
  A gnoll (D:1)
  An adder (D:2)
  A dart slug (D:1)
  A worm (D:2)
  An orc (D:3)
  A ball python (D:1)
  4 endoplasms
  2 giant cockroaches
  4 goblins
  A hobgoblin (D:2)
  A quokka (D:2)
  3 bats
  2 frilled lizards
  3 kobolds
  2 rats
28 creatures vanquished.

Notes
Turn   | Place    | Note
-------+----------+-------------------------------------------
     0 | D:1      | qw the Deep Elf Hunter began the quest for the Orb.
     0 | D:1      | Reached XP level 1. HP: 12/12 MP: 3/3
     0 | D:1      | 0 ||| qw: Version: 0.3-a-9-g12657ce
     0 | D:1      | 0 ||| qw: Game counter: 3814
     0 | D:1      | 0 ||| qw: Always use a shield: true
     0 | D:1      | 0 ||| qw: God list: Okawaru
     0 | D:1      | 0 ||| qw: Allow faded altars: false
     0 | D:1      | 0 ||| qw: Do Orc after D:15 true
     0 | D:1      | 0 ||| qw: Do second Lair branch before Depths: true
     0 | D:1      | 0 ||| qw: Lair rune preference: random
     0 | D:1      | 0 ||| qw: Plans: Normal
     0 | D:1      | 0 ||| PLANNING D:1-11
    91 | D:1      | Reached skill level 6 in Ranged Weapons
    91 | D:1      | Reached XP level 2. HP: 7/16 MP: 4/4
   994 | D:1      | 994 ||| READING scroll labelled SOH FAAJ MOYMN.
   995 | D:1      | 995 ||| DROPPING scroll of butterflies.
  1063 | D:2      | Reached XP level 3. HP: 20/20 MP: 5/5
  1245 | D:2      | Reached skill level 7 in Ranged Weapons
  1483 | D:2      | 1483 ||| UPGRADING to +0 ring mail.
  1493 | D:2      | 1493 ||| DROPPING +0 leather armour.
  1494 | D:2      | 1494 ||| READING scroll labelled VACEAK QYDUFOGH.
  1495 | D:2      | 1495 ||| READING scroll labelled HEIMMI VEREUT.
  1534 | D:2      | 1534 ||| READING scroll labelled HOENIPHOEC.
  1588 | D:3      | You fall into a shaft and drop 3 floors!
  1673 | D:6      | 1673 ||| UPGRADING to +0 helmet.
  1681 | D:5      | Entered Level 5 of the Dungeon
  1681 | D:5      | Noticed a wight
  1681 | D:5      | Noticed a wight
  1681 | D:5      | Noticed a wight
  1681 | D:5      | Noticed a wight
  1685 | D:5      | HP: 4/18 [wight/+4 trident (2)]
  1686 | D:5      | Mangled by a wight

Levels and vault maps discovered:
D:1:      dpeg_arrival_three_smaller_balls, layout_basic
D:2:      layout_rooms
D:3:      layout_basic, vehumet_statue, minitemple, uniq_grinder
D:5:      layout_cave_pools, minmay_temple_entry_statues_fountains,
          kennysheep_generic_room_11
D:6:      layout_basic, slow_altar_2

Skill      XL: |  1  2  3 |
---------------+----------+-----
Ranged Weapons | 6 7 |  7.2
Fighting       | |  1.5
Dodging        | |  2.4
Stealth        | |  1.2

Action                     || total
---------------------------++-------
   Fire: Shortbow          ||    82
    Use: Scroll            ||     4
 Armour: Leather armour    ||     8
         Ring mail         ||     1
  Dodge: Dodged            ||    10

Table legend:
 A = Non-vault XP
 B = Vault XP
 C = Vault XP percentage of total XP
 D = Non-vault monster count
 E = Vault monster count
 F = Vault count percentage of total count
                 A         B        C        D         E       F
            +---------+---------+-------+---------+---------+-------
      Total |      78 |       0 |   0.0 |      28 |       0 |   0.0
            +---------+---------+-------+---------+---------+-------
        D:1 |      38 |       0 |   0.0 |      14 |       0 |   0.0
        D:2 |      37 |       0 |   0.0 |      13 |       0 |   0.0
        D:3 |       3 |       0 |   0.0 |       1 |       0 |   0.0
            +---------+---------+-------+---------+---------+-------
